[Event "ESP-ch Seniors 2017"]
[Site "Altea"]
[Date "2017.10.09"]
[Round "3"]
[White "Suba, Mihai"]
[Black "Bautista Sanchez, Joan"]
[Result "1-0"]
[ECO "B10"]
[WhiteElo "2315"]
[BlackElo "2123"]
[Annotator "NA"]
[PlyCount "39"]
[EventDate "2017.??.??"]
[EventType "swiss"]
[EventCountry "ESP"]
[SourceTitle "playchess.com"]
[Source "ChessBase"]
[SourceQuality "1"]
[TimeControl "5400+30"]

1. e4 c6 2. c4 d5 3. cxd5 cxd5 4. exd5 Qxd5 5. Nc3 Qd8 6. d4 Nf6 7. Nf3 e6 8. Bd3 Be7 9. O-O O-O 10. Re1 Nc6 11. a3 a6 12. Bc2 b5 13. Qd3 Bb7 14. d5 exd5 15. Bg5 Ne4 16. Nxe4 dxe4 17. Qxe4 f5 18. Qe6+ Rf7 19. Bb3 Qf8 20. Bxe7 1-0

[Event "ESP-ch Seniors 2017"]
[Site "Altea"]
[Date "2017.10.09"]
[Round "3"]
[White "Simon Padros, Emili"]
[Black "Buxade Roca, Guillermo"]
[Result "1/2-1/2"]
[ECO "B33"]
[WhiteElo "2153"]
[BlackElo "2025"]
[Annotator "NA"]
[PlyCount "42"]
[EventDate "2017.??.??"]
[EventType "swiss"]
[EventCountry "ESP"]
[SourceTitle "playchess.com"]
[Source "ChessBase"]
[SourceQuality "1"]
[TimeControl "5400+30"]

1. e4 c5 2. Nf3 Nc6 3. d4 cxd4 4. Nxd4 Nf6 5. Nc3 e5 6. Ndb5 d6 7. Bg5 a6 8. Na3 b5 9. Nd5 Be7 10. Bxf6 Bxf6 11. c4 b4 12. Nc2 a5 13. g3 g6 14. Bg2 Bg7 15. O-O O-O 16. Qd3 Be6 17. Rad1 Rc8 18. b3 Bxd5 19. exd5 Nb8 20. a3 Na6 21. axb4 Nxb4 1/2-1/2

[Event "ESP-ch Seniors 2017"]
[Site "Altea"]
[Date "2017.10.09"]
[Round "3"]
[White "Pastor Alonso De Prado, Alberto"]
[Black "Vallbona Domingo, Joan"]
[Result "1-0"]
[ECO "B22"]
[WhiteElo "2131"]
[BlackElo "1889"]
[Annotator "NA"]
[PlyCount "63"]
[EventDate "2017.??.??"]
[EventType "swiss"]
[EventCountry "ESP"]
[SourceTitle "playchess.com"]
[Source "ChessBase"]
[SourceQuality "1"]
[TimeControl "5400+30"]

1. e4 c5 2. c3 Nf6 3. e5 Nd5 4. d4 cxd4 5. Nf3 e6 6. cxd4 b6 7. Nc3 Nxc3 8. bxc3 Qc7 9. Bd2 Be7 10. Bd3 Ba6 11. Bxa6 Nxa6 12. O-O O-O 13. Qe2 Qb7 14. Bg5 {[%emt 0:05:09] B22: Sicilian: 2 c3} f6 15. exf6 Bxf6 16. Bxf6 gxf6 (16... Rxf6 17. Ne5 Rd8 18. Rad1 Nc7 19. c4 d6 20. Ng4 Rf4 21. f3 Rdf8 {½-½ (49) Carmaciu,L (2388)-Nikolov,M (2553) Golden Sands 2012}) 17. a4 $146 ({Predecessor:} 17. d5 Nc5 18. Rad1 Rae8 19. Nh4 exd5 20. Qg4+ Kh8 21. Nf5 Rg8 {1-0 (58) Garcia,E (2164)-Ovejero,J (2238) Bogota 2003}) 17... Nb8 18. Rfb1 Qc7 19. a5 bxa5 20. c4 Nc6 21. d5 exd5 22. cxd5 Nb4 23. Qb5 (23. Rc1 $5 Qb6 24. Nh4 $14) 23... Rab8 24. Qxa5 Qxa5 25. Rxa5 Nxd5 26. Rba1 Nc7 27. Rxa7 Ra8 28. g4 Rfc8 29. Kg2 $14 Rxa7 30. Rxa7 d6 31. Nd4 Kf8 32. Nf3 1-0

[Event "ESP-ch Seniors 2017"]
[Site "Altea"]
[Date "2017.10.09"]
[Round "3"]
[White "Ladron De Guevara Galar, Fco J"]
[Black "Riquelme Valero, Manuel Damian"]
[Result "1/2-1/2"]
[ECO "A88"]
[WhiteElo "2081"]
[BlackElo "2147"]
[Annotator "ChessBase"]
[PlyCount "121"]
[EventDate "2017.??.??"]
[EventType "swiss"]
[EventCountry "ESP"]
[SourceTitle "playchess.com"]
[Source "ChessBase"]
[SourceQuality "1"]
[TimeControl "5400+30"]

1. d4 f5 2. Nf3 Nf6 3. g3 g6 4. Bg2 Bg7 5. O-O O-O 6. c4 d6 7. Nc3 c6 8. d5 e5 9. dxe6 Bxe6 10. b3 Na6 11. Ng5 Re8 12. Nxe6 Rxe6 13. Rb1 Nc5 14. e3 Qc7 15. Qc2 Nce4 16. Ne2 a5 17. Bb2 Ree8 18. Rbd1 Rad8 19. Bd4 c5 20. Ba1 Qe7 21. Nf4 g5 22. Nd5 Nxd5 23. Rxd5 Bxa1 24. Rxa1 Qf6 25. Rc1 g4 26. Bxe4 Rxe4 27. Qc3 Qxc3 28. Rxc3 Re5 29. Rcd3 Rxd5 30. Rxd5 a4 31. Rxf5 axb3 32. axb3 Ra8 33. Rd5 Ra6 34. Kg2 Rb6 35. Rd3 Kf7 36. h3 h5 37. f3 Ke6 38. hxg4 hxg4 39. fxg4 Rb4 40. Kf3 b5 41. cxb5 d5 42. Rc3 Rxb5 43. Kf4 d4 44. exd4 cxd4 45. Rc8 Rxb3 46. Rd8 Rd3 47. g5 Rd1 48. g6 Rf1+ 49. Kg5 Rf5+ 50. Kh6 Rf3 51. g7 Rxg3 52. g8=Q+ Rxg8 53. Rxg8 Kf5 54. Rd8 Ke4 55. Kg5 d3 56. Kg4 Ke3 57. Kg3 d2 58. Re8+ Kd3 59. Rd8+ Ke2 60. Rxd2+ Kxd2 61. Kf4 1/2-1/2

[Event "ESP-ch Seniors 2017"]
[Site "Altea"]
[Date "2017.10.09"]
[Round "3"]
[White "Fernandez Perez, Josep"]
[Black "Sanz Bastos, Fernando"]
[Result "1/2-1/2"]
[ECO "C65"]
[WhiteElo "2045"]
[BlackElo "1981"]
[Annotator "NA"]
[PlyCount "34"]
[EventDate "2017.??.??"]
[EventType "swiss"]
[EventCountry "ESP"]
[SourceTitle "playchess.com"]
[Source "ChessBase"]
[SourceQuality "1"]
[TimeControl "5400+30"]

1. e4 e5 2. Nf3 Nc6 3. Bb5 Bc5 4. O-O Nf6 5. c3 O-O 6. d4 Bb6 7. Bg5 h6 8. Bxf6 Qxf6 9. Bxc6 Qxc6 10. Nxe5 Qxe4 11. Nd2 Qh4 12. Qg4 Qxg4 13. Nxg4 d5 14. Ne5 Bf5 15. Rfe1 f6 16. Nef3 Rae8 17. Rxe8 Rxe8 1/2-1/2

[Event "ESP-ch Seniors 2017"]
[Site "Altea"]
[Date "2017.10.09"]
[Round "3"]
[White "Gonzalez Rivera, Eduardo"]
[Black "Dominguez Rueda, Juan"]
[Result "0-1"]
[ECO "C65"]
[WhiteElo "2020"]
[BlackElo "2135"]
[Annotator "ChessBase"]
[PlyCount "88"]
[EventDate "2017.??.??"]
[EventType "swiss"]
[EventCountry "ESP"]
[TimeControl "5400+30"]

1. e4 e5 2. Nf3 Nc6 3. Bb5 Nf6 4. d3 d6 5. c3 Be7 6. O-O O-O 7. Re1 Bd7 8. Ba4 Re8 9. Nbd2 a6 10. Nf1 b5 11. Bc2 Bf8 12. Ne3 g6 13. Bd2 Bg7 14. a4 b4 15. cxb4 Rb8 16. b5 axb5 17. axb5 Rxb5 18. Bc3 Rb8 19. Bb3 Nh5 20. Nd5 Nd4 21. Nxd4 exd4 22. Ba5 Rb7 23. Rc1 Qh4 24. g3 Qh3 25. Rxc7 Reb8 26. Rxb7 Rxb7 27. Nb6 Nf6 28. f3 Bh6 29. Nxd7 Nxd7 30. f4 Nc5 31. Bd5 Rxb2 32. Re2 Qh5 33. Rd2 Qxd1+ 34. Rxd1 g5 35. Bc7 gxf4 36. Bxd6 Na4 37. Ra1 f3 38. Bf4 Bxf4 39. gxf4 Nc3 40. f5 Kg7 41. Bc4 Kf6 42. Ra7 f2+ 43. Kg2 Nd1 44. Rxf7+ Ke5 0-1

[Event "ESP-ch Seniors 2017"]
[Site "Altea"]
[Date "2017.10.09"]
[Round "3"]
[White "Lopez de Turiso, Jose Angel"]
[Black "Aranaz Portugues, Jose Carlos"]
[Result "0-1"]
[ECO "C14"]
[WhiteElo "2020"]
[BlackElo "2159"]
[Annotator "ChessBase"]
[PlyCount "104"]
[EventDate "2017.??.??"]
[EventType "swiss"]
[EventCountry "ESP"]
[SourceTitle "playchess.com"]
[Source "ChessBase"]
[SourceQuality "1"]
[TimeControl "5400+30"]

1. e4 e6 2. d4 d5 3. Nc3 Nf6 4. Bg5 Be7 5. e5 Nfd7 6. Bxe7 Qxe7 7. f4 O-O 8. Qd2 c5 9. Nf3 Nc6 10. dxc5 Qxc5 11. O-O-O a6 12. Nd4 b5 13. Nxc6 Qxc6 14. Ne2 Nb6 15. Nd4 Qc7 16. Bd3 Nc4 17. Qf2 Qa5 18. Kb1 Bd7 19. g4 Rfc8 20. Qh4 g6 21. f5 Qb4 22. Bxc4 bxc4 23. c3 Qf8 24. f6 Rcb8 25. Rd2 Rb6 26. Re1 Rab8 27. Ka1 Ba4 28. Re3 h5 29. Qg5 hxg4 30. h3 Qa3 31. Qh6 Qf8 32. Qf4 Qa3 33. Qh2 g3 34. Rxg3 Qf8 35. h4 Qh6 36. Rg5 Kf8 37. Nf3 Ke8 38. Qf2 Kd7 39. h5 gxh5 40. Qc5 Qf8 41. Qxf8 Rxf8 42. Rxh5 Rg8 43. Rh7 Ke8 44. Rdh2 Bc2 45. Rh8 Rxh8 46. Rxh8+ Kd7 47. Rf8 Bg6 48. Ng5 d4 49. cxd4 c3 50. b3 Rc6 51. Ra8 c2 52. Ra7+ Kc8 0-1

[Event "ESP-ch Seniors 2017"]
[Site "Altea"]
[Date "2017.10.09"]
[Round "3"]
[White "Gordero Montoya, Felix"]
[Black "Cantero Navarro, Antonio"]
[Result "0-1"]
[ECO "B32"]
[WhiteElo "1963"]
[BlackElo "2153"]
[Annotator "NA"]
[PlyCount "51"]
[EventDate "2017.??.??"]
[EventType "swiss"]
[EventCountry "ESP"]
[SourceTitle "playchess.com"]
[Source "ChessBase"]
[SourceQuality "1"]
[TimeControl "5400+30"]

1. e4 c5 2. Nf3 Nc6 3. d4 cxd4 4. Nxd4 g6 5. Be2 Bg7 6. Be3 Nf6 7. Nc3 O-O 8. a4 {[%emt 0:02:35] B34: Sizilianisch (Beschleunigtes Fianchetto)} (8. Nb3 d6 9. g4 a6 10. h4 b5 11. h5 b4 12. Nd5 e6 13. Nb6 Rb8 14. Nxc8 Qxc8 15. Qxd6 e5 16. O-O-O a5 17. hxg6 hxg6 {1-0 (37) Fedoseev,V (2731)-Inarkiev,E (2702) Tbilisi 2017}) 8... d5 9. exd5 Nxd5 $146 ({Vorgänger:} 9... Nb4 10. O-O Nbxd5 11. Nxd5 Nxd5 12. Bc1 Qb6 13. Nb5 Be6 14. c4 Nb4 {1-0 (42) Lucaci,M (2055)-Clesiu,R (1745) Deva 1999}) 10. Nxd5 Qxd5 11. Nxc6 Qxc6 12. Bf3 Qa6 13. c3 Be6 14. Be2 Bc4 15. Bxc4 Qxc4 16. Qe2 Bxc3+ 17. Kf1 Qxe2+ 18. Kxe2 Be5 19. Rac1 Rfc8 20. Rhd1 a6 ({Doch nicht} 20... Bxh2 $6 21. g3 $14) (20... Bd6 $17) 21. Bb6 ({Better is} 21. Rd7 $15) 21... Kf8 22. Rxc8+ Rxc8 23. Rd7 $1 Rc2+ 24. Rd2 $2 (24. Kd3 $1 $11 {and White has nothing to worry.} Rxb2 25. a5) 24... Rxd2+ 25. Kxd2 Bxb2 $19 26. Ke2 0-1

[Event "ESP-ch Seniors 2017"]
[Site "Altea"]
[Date "2017.10.09"]
[Round "3"]
[White "Hernandez Delgado, Gabriel"]
[Black "Serra Olives, Tomas"]
[Result "0-1"]
[ECO "A05"]
[WhiteElo "1862"]
[BlackElo "2146"]
[Annotator "ChessBase"]
[PlyCount "68"]
[EventDate "2017.??.??"]
[EventType "swiss"]
[EventCountry "ESP"]
[SourceTitle "playchess.com"]
[Source "ChessBase"]
[SourceQuality "1"]
[TimeControl "5400+30"]

1. Nf3 Nf6 2. g3 b6 3. Bg2 Bb7 4. b3 e6 5. Bb2 c5 6. c4 Be7 7. O-O Qc7 8. Nc3 a6 9. Rc1 d6 10. d4 cxd4 11. Qxd4 Nbd7 12. Rfd1 O-O 13. b4 Rac8 14. Nd2 Bxg2 15. Kxg2 Rfe8 16. Nce4 Qb7 17. Kg1 d5 18. cxd5 Qxd5 19. Qxd5 Nxd5 20. a3 b5 21. Nb3 N7b6 22. Rxc8 Rxc8 23. Nec5 Nc4 24. Bc1 Nc3 25. Re1 a5 26. Be3 axb4 27. axb4 Nxe3 28. fxe3 Nd5 29. Nd4 Nxb4 30. Ne4 Rb8 31. Nc3 Nd5 32. Nc6 Rb7 33. Nxb5 Rxb5 34. e4 Bc5+ 0-1